 Seeded DCSS version 0.27-a0-1202-ge72e49191c (webtiles) character file.

Game seed: 256 (custom seed)

30 Snicker the Sneak (level 3, 0/27 HPs)
             Began as a Demonspawn Brigand on June 4, 2021.
             Succumbed to an adder's poison
             ... on level 2 of the Dungeon.
             The game lasted 00:01:56 (680 turns).

Snicker the Sneak (Demonspawn Brigand)               Turns: 680, Time: 00:01:57

Health: 0/27       AC:  3    Str: 11    XL:     3   Next: 5%
Magic:  3/3        EV: 12    Int: 12    God:
Gold:   29         SH:  0    Dex: 15    Spells: 2/2 levels left

rFire    + . .     SeeInvis .   a - +2 dagger
rCold    . . .     Faith    .   (no shield)
rNeg     . . .     Spirit   .   b - +0 robe
rPois    .         Reflect  .   (helmet restricted)
rElec    .         Harm     .   c - +0 cloak
rCorr    .         Rampage  .   (no gloves)
Will     .....                  (no boots)
Stlth    +++.......             (no amulet)
HPRegen  0.09/turn              f - ring of protection from fire
MPRegen  0.08/turn              (no ring)

@: lethally poisoned (0 -> -6)
A: antennae 1, powered by death 1
a: no special abilities


You were on level 2 of the Dungeon.
You visited 1 branch of the dungeon, and saw 2 of its levels.

You collected 29 gold pieces.

Inventory:

Hand Weapons
 a - a +2 dagger (weapon)
Missiles
 d - 8 poisoned darts (quivered)
Armour
 b - a +0 robe (worn)
 c - a +0 cloak (worn)
Jewellery
 f - a ring of protection from fire (left hand)


   Skills:
 + Level 2.1 Fighting
 * Level 2.4 Short Blades
 + Level 1.7 Throwing
 + Level 1.1 Dodging
 * Level 4.1 Stealth


You had 2 spell levels left.
You didn't know any spells.
Your spell library contained the following spells:

 Spells                   Type           Power      Damage    Failure   Level
 Animate Skeleton         Necr           0%         N/A       32%         1
 Apportation              Tloc           0%         N/A       32%         1
 Corona                   Hex            0%         N/A       32%         1
 Shock                    Conj/Air       0%         1d3       32%         1
 Summon Small Mammal      Summ           0%         N/A       32%         1
 Static Discharge         Conj/Air       0%         N/A       45%         2
 Swiftness                Air            0%         N/A       69%         3
 Airstrike                Air            0%         N/A       97%         4
 Lightning Bolt           Conj/Air       0%         1d11      100%        5


Dungeon Overview and Level Annotations

Branches:
Dungeon (2/15)

Altars:


Innate Abilities, Weirdness & Mutations

You have a pair of small antennae on your head.
You regenerate a little health from kills.


Message History

You are more poisoned.
The adder poisons you! The adder completely misses you.
You hit the adder.
The adder is lightly wounded.
You feel sick. The adder closely misses you.
You closely miss the adder.
The adder is lightly wounded.
You feel sick. The adder bites you.
You are lethally poisoned!
The adder poisons you!
You closely miss the adder.
The adder is lightly wounded.
You feel very sick. The adder closely misses you.
You closely miss the adder.
The adder is lightly wounded.
* * * LOW HITPOINT WARNING * * *
You feel sick. The adder barely misses you.
You closely miss the adder.
The adder is lightly wounded.
* * * LOW HITPOINT WARNING * * *
You feel sick. The adder bites you but does no damage.
You aren't carrying any potions.
You aren't carrying any potions.
Unknown command.
Throw: 2 darts (curare)
Press: ? - help, Q - select action, (/) - cycle Shift-Dir - straight line, f - adder
Aim: an adder (lightly wounded, 40% to hit)
You throw a curare-tipped dart.
The curare-tipped dart completely misses the adder.
* * * LOW HITPOINT WARNING * * *
You feel sick. The adder bites you.
* * * LOW HITPOINT WARNING * * *
The adder closely misses you.
Throw: dart (curare)
Press: ? - help, Q - select action, (/) - cycle Shift-Dir - straight line, f/p - adder
Aim: an adder (lightly wounded, 40% to hit)
You throw a curare-tipped dart.
The curare-tipped dart barely misses the adder.
You die...

#.##. #. ....ยง #.. #...#
.#.#.. #.#.# ...#.. >
#.#.# .........
....##.#.#####.#..#.#....
........b................
....##.#S#######. #.##...
. #.#@# #.##...... #.#.#
####.....[... #.#.#
.............
#.#.###.............
#.#.............##..
#.#..##.######..##..
#..## #.......... #..##.
##.........
#..##.###.###.#...


You could see an adder and a bat.

Vanquished Creatures
  2 dart slugs (D:1)
  3 bats (D:1)
  3 endoplasms
  3 giant cockroaches (D:1)
  A hobgoblin (D:1)
  2 jackals (D:2)
  A ball python (D:1)
  A frilled lizard (D:1)
  3 goblins (D:1)
  3 kobolds (D:1)
  3 rats (D:1)
25 creatures vanquished.

Notes
Turn   | Place    | Note
-------+----------+-------------------------------------------
     0 | D:1      | Snicker the Demonspawn Brigand began the quest for the Orb.
     0 | D:1      | Reached XP level 1. HP: 16/16 MP: 1/1
    89 | D:1      | Gained mutation: You regenerate a little health from kills.
                  | [demonic ancestry]
    89 | D:1      | Reached XP level 2. HP: 21/22 MP: 2/2
   141 | D:1      | Reached skill level 4 in Stealth
   305 | D:1      | Reached skill level 1 in Dodging
   608 | D:2      | Gained mutation: You have a pair of small antennae on your
                  | head. [demonic ancestry]
   608 | D:2      | Reached XP level 3. HP: 25/27 MP: 3/3
   679 | D:2      | HP: 1/27 [adder (4)]
   680 | D:2      | Succumbed to an adder's poison

Illustrated notes

Levels and vault maps discovered:
D:1:      matt_arrival_los_fun, layout_rooms
D:2:      layout_basic, serial_undead, serial_undead_c, serial_undead_e,
          serial_undead_e, serial_undead_f, serial_undead_c, serial_undead_c,
          minmay_misc_feat_more_columns

Skill      XL: |  1  2 |
---------------+-------+-----
Short Blades   | 2 |  2.4
Stealth        | 4 |  4.1
Dodging        | 1 |  1.1
Fighting       | |  2.1
Throwing       | |  1.7

Action                   || total
-------------------------++-------
Melee: Dagger            ||   101
Throw: Dart              ||     2
 Stab: Sleeping          ||     3
Armor: Robe              ||    33
Dodge: Dodged            ||    82

Table legend: (Time is in decaauts)
 A = Elapsed time spent in this place.
 B = Non-inter-level travel time spent in this place.
 C = Inter-level travel time spent in this place.
 D = Time resting spent in this place.
 E = Time spent auto-exploring this place.
 F = Levels seen in this place.
 G = Mean time per level.
                   A        B        C        D        E       F      G
               +--------+--------+--------+--------+--------+-----+--------+
         Total |    668 |    642 |     26 |      0 |    418 |   2 |  334.0 |
       Dungeon |    668 |    642 |     26 |      0 |    418 |   2 |  334.0 |
               +--------+--------+--------+--------+--------+-----+--------+

Top non-repeatable levels by time:
     D:1: 585 daAuts
     D:2: 83 daAuts
